 Dungeon Crawl Stone Soup version 0.31.0-12-g77e489cdc1 (webtiles) character file.

Game seed: 6055611792613599898

68796 ChadusMaximus the Worldbinder (level 15, -1/105 (108) HPs)
             Began as a Barachi Summoner on Mar 6, 2024.
             Was the Champion of Hepliaklqana.
             Slain by an orc knight
             ... wielding a +0 bardiche
              (26 damage)
             ... on level 2 of the Orcish Mines.
             The game lasted 00:43:14 (24171 turns).

ChadusMaximus the Worldbinder (Barachi Summoner)   Turns: 24171, Time: 00:43:14

HP:   -1/105 (108)  AC: 18    Str:  9    XL:     15   Next: 27%
MP:   7/33          EV: 16    Int: 23    God:    Hepliaklqana [******]
Gold: 1364          SH:  5    Dex: 13    Spells: 18/43 levels left

rFire   . . .        K - +5 trident (freeze)
rCold   + + +        (no shield)
rNeg    . . .        n - +4 skin of Zhor {*Englaciate rC+++ SInv}
rPois   .            J - +2 helmet
rElec   .            (no cloak)
rCorr   +            I - +0 pair of gloves
SInv    +            Z - +3 pair of seven-league boots {Rampage+∞}
Will    +....        r - amulet of reflection
Stlth   +++          W - ring "Nyenam" {rCorr Slay+3 Stlth+}
HPRegen 0.37/turn    m - +4 ring of protection
MPRegen 0.23/turn

%: reflection, rampage+∞
@: about to teleport, studying Armour, lightly drained, slow
A: reduced essence, amphibious, slowness 1, strong legs 2, +LOS
a: Hop, Renounce Religion, Recall Ancestor, Ancestor Identity, Transference,
Idealise


You were on level 2 of the Orcish Mines.
You worshipped Hepliaklqana.
Hepliaklqana was exalted by your worship.
You visited 4 branches of the dungeon, and saw 20 of its levels.
You also visited: Sewer, Bailey and Ice Cave.

You collected 1364 gold pieces.

Inventory:

Hand Weapons
 j - a +4 flail
 p - a +0 hand axe
 K - a +5 trident of freezing (weapon)
 U - the +6 glaive of the Dungeon {drain, *Rage *Slow MP+9 SInv}
   (You found it in an ice cave)

   MP+9:      It affects your magic capacity (+9).
   SInv:      It lets you see invisible.
   *Rage:     It berserks you when you make melee attacks (+20% chance).
   *Slow:     It may slow you when you take damage.
Missiles
 o - 5 throwing nets
Armour
 n - the +4 skin of Zhor (worn) {*Englaciate rC+++ SInv}
   (You found it on level 2 of the Dungeon)

   *Englaciate: It radiates cold, occasionally slowing all nearby creatures who
   are not resistant to cold.
   rC+++:     It renders you almost immune to cold.
   SInv:      It lets you see invisible.
 I - a +0 pair of gloves (worn)
 J - a +2 helmet (worn)
 Z - the +3 pair of seven-league boots (worn) {Rampage+∞}
   (You found it on level 5 of the Lair of Beasts)

   Rampage+∞: When moving toward enemies, its wearer moves as far as possible,
   alerting their target en route.
Jewellery
 m - a +4 ring of protection (right hand)
 r - an amulet of reflection (around neck)
 t - a +6 ring of dexterity
 H - a ring of protection from cold
 P - a ring of poison resistance
 S - a ring of ice
 V - a +6 ring of strength
 W - the ring "Nyenam" (left hand) {rCorr Slay+3 Stlth+}
   (You found it on level 4 of the Lair of Beasts)

   [ring of resist corrosion]

   Slay+3:    It affects your accuracy & damage with ranged weapons and melee
   (+3).
   rCorr:     It protects you from acid and corrosion.
   Stlth+:    It makes you more stealthy.
 Y - a ring of positive energy
Wands
 a - a wand of flame (37)
 A - a wand of paralysis (17)
 F - a wand of mindburst (8)
 M - a wand of iceblast (13)
 T - a wand of acid (4)
Scrolls
 d - 3 scrolls of immolation
 i - 11 scrolls of teleportation
 k - 6 scrolls of vulnerability
 l - 4 scrolls of enchant armour
 u - a scroll of fog
 v - 6 scrolls of blinking
 x - a scroll of identify
 y - 3 scrolls of brand weapon
 D - a scroll of summoning
 E - 3 scrolls of fear
 G - 3 scrolls of noise
 L - a scroll of silence
 Q - a scroll of poison {unknown}
 R - a scroll of revelation
Potions
 b - 3 potions of haste {unknown}
 c - 5 potions of cancellation {unknown}
 e - 6 potions of enlightenment {unknown}
 f - 5 potions of curing {unknown}
 g - 8 potions of heal wounds
 h - a potion of lignification {unknown}
 q - 3 potions of invisibility {unknown}
 s - 5 potions of mutation {unknown}
 w - 6 potions of might
 z - 2 potions of attraction {unknown}
 B - 5 potions of degeneration {unknown}
 C - 2 potions of brilliance {unknown}
 N - a potion of magic
 O - a potion of berserk rage {unknown}


   Skills:
 + Level 12.1 Fighting
 - Level 0.5 Armour
 * Level 9.0 Dodging
 - Level 1.9 Stealth
 + Level 14.6 Spellcasting
 - Level 21.9 Summonings


You had 18 spell levels left.
You knew the following spells:

 Your Spells              Type           Power      Damage    Failure   Level
b - Call Canine Familiar  Summ           87%        N/A       0%          3
c - Call Imp              Summ           100%       N/A       0%          2
d - Summon Ice Beast      Ice/Summ       61%        N/A       1%          3
e - Summon Lightning Spi  Summ/Air       61%        N/A       1%          4
f - Summon Cactus Giant   Summ           43%        N/A       1%          6
g - Summon Hydra          Summ           43%        N/A       1%          7

Your spell library contained the following spells:

 Spells                   Type           Power      Damage    Failure   Level
 Summon Small Mammal      Summ           100%       N/A       0%          1
 Animate Armour           Summ/Erth      100%       N/A       1%          4
 Summon Blazeheart Golem  Fire/Summ      61%        N/A       1%          4
 Apportation              Tloc           32%        N/A       3%          1
 Necrotise                Necr           64%        1d7       3%          1
 Shock                    Conj/Air       64%        1d7       3%          1
 Sting                    Conj/Alch      64%        1d7       3%          1
 Mercury Vapours          Alch/Air       32%        N/A       5%          2
 Sublimation of Blood     Necr           16%        N/A       5%          2
 Mephitic Cloud           Conj/Alch/Air  16%        N/A       11%         3
 Swiftness                Air            16%        N/A       11%         3
 Spellforged Servitor     Conj/Summ      30%        N/A       32%         7
 Airstrike                Air            8%         2d(2-18)  34%         4
 Freezing Cloud           Conj/Ice/Air   8%         6-21      69%         5
 Iskenderun's Battlesphe  Conj           16%        2d7       69%         5
 Lee's Rapid Deconstruct  Erth           8%         3d7*      69%         5
 Bombard                  Conj/Erth      8%         9d2       99%         6
 Lehudib's Crystal Spear  Conj/Erth      8%         10d3      100%        8


Dungeon Overview and Level Annotations

Branches:
Dungeon (12/15)            Temple (1/1) D:5            Lair (5/5) D:8
  Swamp (0/4) Lair:2       Spider (0/4) Lair:3        Slime (0/5) Lair:4
    Orc (2/2) D:12            Elf (0/3) Orc:2         Sewer (visited)
 Bailey (visited)           IceCv (visited)

Altars:
Ashenzari
Cheibriados
Dithmenos
Elyvilon
Fedhas
Gozag
Hepliaklqana
Kikubaaqudgha
Makhleb
Nemelex Xobeh
Okawaru
Qazlal
Ru
Sif Muna
Trog
Uskayaw
Vehumet
Wu Jian
Xom
Yredelemnul
Zin
The Shining One
Jiyva
Lugonu

Shops:
D:7 :   Orc:1 *(((   Orc:2 (

Portals:
Abyss: Lair:5
Trove: D:11 (show slimy rune of Zot)

Annotations:
D:7 3 runed translucent doors, Beaer's ghost, novice DgSh; MasterdooM's ghost, novice TrBe; Tizio's ghost, novice GrFi; nitefall's ghost, novice MiFi; zxspectator's ghost, novice GrEE


Innate Abilities, Weirdness & Mutations

Your life essence is reduced to manifest your ancestor. (-10% HP)
You are amphibious.
You cover ground slowly.
You can hop long distances.
You have an extended range of vision and can be seen from far away.


Message History

Unknown command.
Unknown command.
Casting: Call Imp (safe; 0% risk of failure)
Confirm with . or Enter, or press ? or * to list all spells.
An eight-headed hydra appears.
You hear a shout!
Your cerulean imp hits the orc knight but does no damage.
The orc knight hits you from afar with a +0 bardiche!
* * * LOW HITPOINT WARNING * * *
Teicuih hits the orc knight with a +0 broad axe of flaming!
Teicuih burns the orc knight.
Unknown command.
Casting: Summon Hydra (dangerous; 1% risk of failure)
Confirm with . or Enter, or press ? or * to list all spells.
The orc knight closely misses you.
Your cerulean imp hits the orc knight but does no damage.
The orc sorcerer casts a spell at you.
The bolt of fire hits your cactus giant!!
The bolt of fire hits your eight-headed hydra!!
The bolt of fire hits you!!
* * * LOW HITPOINT WARNING * * *
The orc wizard mumbles some strange words.
The orc wizard flickers and vanishes for a moment.
Okay, then.
It was a potion of heal wounds.
You feel much better.
Your cerulean imp hits the orc knight but does no damage.
The orc knight roars a battlecry!
Teicuih barely misses the orc knight.
Teicuih hits the orc knight with a +0 broad axe of flaming.
Teicuih burns the orc knight.
The orc knight misses your cerulean imp.
The orc knight barely misses Teicuih.
An orc priest comes into view. It is wielding a +0 hand axe.
The orc priest calls upon Beogh to heal the orc knight.
The orc knight is healed somewhat.
As you read the scroll of teleportation, it crumbles to dust.
You feel strangely unstable.
Your cerulean imp hits the orc knight but does no damage.
The orc knight hits you from afar with a +0 bardiche!!
You die...

,,,,,,,,,,,,,,,,,,,,,,,** *,
,,,,*,,,,,,,,,,,,,,,,,,* *,
,,,,,,,,,,,,,,,,,,,,,,,** *,
,,,,,,,,,,,,,,,,,,,,*,,,* **
,,,,,,,,,,,,,************ *
,,,,,,,,,,,,,* ######
,,,,,,,,,,,,,* ##ooo.#****
,,...........# ##Ro##.....#*
,............# #@5##,,.o...#*
.............###)##,,,*#.#.∩* #
.............##D.#*,,**,,#,,***##
.............##C##,,,*,,,,*,∩**,.
.............##.#*,,,,,,,,*,,***#
.............##o#*,,,,,,,,,*,* ##
.............##.#####...,,,*,*##.
..).)...................,,,,,*#..
..)..........##.#####...,,,*,**#.


You could see the friendly Teicuih the knight, 2 orc knights, an orc sorcerer
(ally target), 2 orc priests, a friendly eight-headed hydra (summoned), a
friendly cactus giant (summoned) and a friendly cerulean imp (summoned).

Vanquished Creatures
  Pikel (D:7)
  An orc sorcerer (Orc:2)
  An elephant (Lair:4)
  3 cane toads
  An ice statue (IceCv)
  A komodo dragon (Lair:5)
  3 blink frogs
  A nameless horror (D:7)
  A dream sheep (Lair:4)
  A raiju (Lair:5)
  A slime creature (D:9)
  2 small abominations (Lair:5)
  A basilisk (Lair:5)
  2 wyverns
  2 water moccasins (Lair:3)
  A bullfrog (Lair:3)
  2 kobold brigands
  2 howler monkeys
  2 hounds
  2 jellies
  A sleepcap (D:5)
  2 iguanas
  3 adders
  A gnoll (D:4)
  A shadow imp (D:4)
  A white imp (D:8)
  A ribbon worm (D:4)
  3 dart slugs
  8 orcs
  2 ball pythons
  6 giant cockroaches
  4 goblins
  6 hobgoblins
  A quokka (D:4)
  6 bats
  A frilled lizard (D:2)
  12 kobolds
  8 rats
98 creatures vanquished.

Vanquished Creatures (collateral kills)
  An ettin (Orc:1)
  Josephine (D:12)
  5 hydras
  Harold (D:10)
  A catoblepas (Lair:4)
  2 two-headed ogres
  5 death yaks
  3 thrashing horrors (Lair:5)
  Sonja (Orc:2)
  3 lindwurms
  An oklob plant (Lair:3)
  6 ugly things
  2 orc sorcerers (Orc:2)
  A wolf spider (Lair:3)
  A manticore (D:11)
  A harpy (shapeshifter) (Lair:5)
  2 cyclopes
  3 kobold blastminers
  14 elephants
  A black mamba (shapeshifter) (Lair:5)
  5 black mambas
  2 ice statues (IceCv)
  9 cane toads
  2 smoke demons (Lair:5)
  A torpor snail (Lair:3)
  A large abomination (Lair:5)
  2 gargoyles
  Maggie (D:7)
  2 unseen horrors
  3 rime drakes
  3 unseen horror zombies (D:9)
  6 komodo dragons
  3 kobold demonologists
  4 trolls
  2 polar bears
  2 tyrant leeches (Lair:2)
  19 blink frogs
  A raiju (Lair:5)
  7 dream sheep (Lair:4)
  Sigmund (D:6)
  6 spriggans
  A shadow (D:10)
  A culicivora (Lair:3)
  6 wraiths
  35 yaks
  A fire bat (shapeshifter) (Lair:5)
  4 wyverns
  3 wargs
  7 basilisks
  A vampire mosquito (D:9)
  A steam dragon (Bailey)
  Menkaure (D:7)
  2 chaos spawn (Lair:5)
  A death yak simulacrum (IceCv)
  2 harpy simulacra (IceCv)
  17 water moccasins
  A hydra simulacrum (IceCv)
  3 black bears
  A sky beast (D:6)
  9 orc warriors
  12 ogres
  5 small abominations (Lair:5)
  A centaur (D:9)
  11 wolves
  3 lemures (D:7)
  A phantom (D:7)
  16 kobold brigands
  12 bullfrogs
  A cane toad simulacrum (IceCv)
  3 scorpions
  8 wights (D:9)
  An elephant simulacrum (IceCv)
  9 killer bees (D:8)
  11 howler monkeys
  8 electric eels
  A nameless horror (D:6)
  A centaur zombie (D:9)
  4 jellies
  2 hounds
  A bombardier beetle (D:5)
  2 gnoll boudas
  13 orc priests
  3 sleepcaps
  5 iguanas
  Ijyb (D:4)
  22 orc wizards
  A polar bear simulacrum (IceCv)
  A wolf simulacrum (IceCv)
  A howler monkey zombie (D:9)
  7 adders
  13 gnolls
  A shadow imp (D:6)
  2 ribbon worms
  63 orcs
  2 ball pythons (Sewer)
  2 endoplasms
  A giant cockroach (D:1)
  7 goblins
  6 hobgoblins
  2 jackals (D:1)
  A quokka (D:2)
  2 bats
  34 kobolds
  A rat (D:3)
  A butterfly (Lair:4)
539 creatures vanquished.

Vanquished Creatures (others)
  8 knights
  6 ancestors
14 creatures vanquished.

Grand Total: 651 creatures vanquished

Notes
Turn   | Place    | Note
-------+----------+-------------------------------------------
     0 | D:1      | ChadusMaximus the Barachi Summoner began the quest for the
                  | Orb.
     0 | D:1      | Reached XP level 1. HP: 13/13 MP: 3/3
   174 | D:1      | Found a faded altar of an unknown god.
   187 | D:1      | Reached skill level 5 in Summonings
   187 | D:1      | Reached XP level 2. HP: 19/19 MP: 1/5
   811 | D:1      | Reached XP level 3. HP: 24/24 MP: 6/6
   815 | D:1      | Learned a level 3 spell: Call Canine Familiar
   818 | D:1      | Learned a level 2 spell: Call Imp
  1502 | D:2      | Got the Grimoire of Collective Metal
  1537 | D:2      | Found the +4 skin of Zhor {*Englaciate rC+++ SInv}
  1818 | D:2      | Reached skill level 1 in Fighting
  1867 | D:2      | Reached XP level 4. HP: 32/32 MP: 8/8
  1972 | D:2      | Identified the +0 hand axe of Uzexu {heavy, rN++ Str-4
                  | Int-5 SInv}
  2183 | D:3      | Reached skill level 6 in Summonings
  2191 | D:3      | Reached XP level 5. HP: 38/38 MP: 2/9
  2825 | D:3      | Found a basalt altar of Yredelemnul.
  2825 | D:3      | Noticed a weeping skull
  2921 | D:4      | Noticed Ijyb
  2928 | D:4      | Killed Ijyb
  3033 | D:4      | Reached XP level 6. HP: 46/46 MP: 1/11
  3168 | D:4      | Reached skill level 7 in Summonings
  3887 | D:4      | Found an ornate altar of the Wu Jian Council.
  4161 | D:5      | Entered Level 5 of the Dungeon
  4240 | D:5      | Reached XP level 7. HP: 31/52 MP: 8/13
  4250 | D:5      | Learned a level 3 spell: Summon Ice Beast
  4255 | D:5      | Learned a level 4 spell: Summon Lightning Spire
  4282 | D:5      | Found a glowing drain.
  4301 | Sewer    | Entered a sewer
  4469 | Sewer    | Reached skill level 8 in Summonings
  4671 | D:5      | Found a staircase to the Ecumenical Temple.
  4803 | Temple   | Entered the Ecumenical Temple
  4820 | Temple   | Became a worshipper of Hepliaklqana the Forgotten
  5251 | D:5      | Found an ancient bone altar of Kikubaaqudgha.
  5276 | D:6      | Noticed Sigmund
  5287 | D:6      | Reached XP level 8. HP: 55/61 MP: 2/15
  5289 | D:6      | Reached skill level 5 in Spellcasting
  5289 | D:6      | Reached skill level 9 in Summonings
  5296 | D:6      | Killed Sigmund
  5297 | D:6      | Reached skill level 5 in Fighting
  5784 | D:6      | Reached * piety under Hepliaklqana
  5821 | D:6      | Reached skill level 10 in Summonings
  6312 | D:7      | Reached XP level 9. HP: 62/62 MP: 3/17
  6332 | D:7      | Found an iron altar of Okawaru.
  6332 | D:7      | Noticed Menkaure
  6339 | D:7      | Killed Menkaure
  6340 | D:7      | Reached skill level 11 in Summonings
  6528 | D:7      | Noticed Tizio's ghost (novice GrFi)
  6530 | D:7      | Found a runed translucent gate.
  6530 | D:7      | Noticed Beaer's ghost (novice DgSh)
  6530 | D:7      | Noticed zxspectator's ghost (novice GrEE)
  6530 | D:7      | Noticed MasterdooM's ghost (novice TrBe)
  6531 | D:7      | Found a runed translucent gate.
  6531 | D:7      | Found a runed translucent gate.
  6531 | D:7      | Noticed nitefall's ghost (novice MiFi)
  6603 | D:7      | You fall into a shaft and drop 1 floor!
  6653 | D:8      | Noticed an elephant
  6808 | D:7      | Found Arroudgh's Book Shoppe.
  6841 | D:7      | Reached skill level 12 in Summonings
  6859 | D:7      | Noticed Maggie
  6870 | D:7      | Killed Maggie
  6871 | D:7      | Reached XP level 10. HP: 72/72 MP: 1/20
  6883 | D:7      | Found a flagged portal.
  6891 | Bailey   | Entered a bailey
  7157 | Bailey   | Reached skill level 13 in Summonings
  7275 | Bailey   | Learned a level 6 spell: Summon Cactus Giant
  7325 | Bailey   | Noticed a two-headed ogre
  7344 | Bailey   | Killed a two-headed ogre
  7747 | D:7      | Reached ** piety under Hepliaklqana
  7748 | D:7      | Remembered your ancestor Teicuih as a knight
  7833 | D:7      | Noticed a nameless horror
  7843 | D:7      | Noticed Pikel
  7846 | D:7      | Killed a nameless horror
  7860 | D:7      | Killed Pikel
  7861 | D:7      | Reached skill level 14 in Summonings
  8303 | D:8      | Noticed a two-headed ogre
  8310 | D:8      | Killed a two-headed ogre
  8311 | D:8      | Reached XP level 11. HP: 81/81 MP: 17/23
  8615 | D:8      | Found a staircase to the Lair.
  8997 | D:9      | Learned a level 7 spell: Summon Hydra
  9020 | D:9      | Reached skill level 10 in Fighting
  9024 | D:9      | Reached skill level 15 in Summonings
  9101 | D:9      | Found a stormy altar of Qazlal.
  9102 | D:9      | Found a glowing golden altar of the Shining One.
  9103 | D:9      | Found a sacrificial altar of Ru.
  9275 | D:9      | Found a blossoming altar of Fedhas.
  9955 | D:9      | Reached skill level 16 in Summonings
 10026 | D:9      | Found a shimmering altar of Xom.
 10150 | D:10     | Entered Level 10 of the Dungeon
 10222 | D:10     | Found a hide-covered altar of Uskayaw.
 10830 | D:9      | Found a shadowy altar of Dithmenos.
 10830 | D:9      | Found a snail-covered altar of Cheibriados.
 11251 | D:10     | Reached *** piety under Hepliaklqana
 11317 | D:10     | Noticed a sun demon
 11384 | D:10     | Found a white marble altar of Elyvilon.
 11459 | D:10     | Found a broken altar of Ashenzari.
 11505 | D:10     | Noticed Harold
 11514 | D:10     | Killed Harold
 11515 | D:10     | Reached skill level 10 in Spellcasting
 11515 | D:10     | Reached XP level 12. HP: 87/87 MP: 14/26
 12332 | D:11     | Reached skill level 17 in Summonings
 12423 | D:11     | Found a portal to a secret trove of treasure.
 13181 | D:12     | Noticed Josephine
 13196 | D:12     | Killed Josephine
 13311 | D:12     | Found a staircase to the Orcish Mines.
 13673 | D:12     | Reached skill level 18 in Summonings
 14262 | Lair:1   | Entered Level 1 of the Lair of Beasts
 14432 | Lair:1   | Reached **** piety under Hepliaklqana
 14672 | Lair:1   | Reached skill level 19 in Summonings
 14732 | Lair:1   | Gained mutation: You can hop long distances. [Barachi
                  | growth]
 14732 | Lair:1   | Reached XP level 13. HP: 92/92 MP: 17/28
 15554 | Lair:2   | Found a staircase to the Swamp.
 16498 | Lair:2   | Reached ***** piety under Hepliaklqana
 16752 | Lair:3   | Reached skill level 20 in Summonings
 17382 | Lair:3   | Found a hole to the Spider Nest.
 18177 | Lair:3   | Reached skill level 21 in Summonings
 18653 | Lair:4   | Reached XP level 14. HP: 63/99 MP: 26/31
 19000 | Lair:4   | Identified the ring "Nyenam" {rCorr Slay+3 Stlth+}
 19750 | Lair:4   | Found a viscous altar of Jiyva.
 19752 | Lair:4   | Found a staircase to the Slime Pits.
 20364 | Lair:5   | Entered Level 5 of the Lair of Beasts
 20827 | Lair:5   | Reached skill level 5 in Dodging
 21991 | Lair:5   | Reached XP level 15. HP: 107/107 MP: 19/33
 22109 | Lair:5   | Found a corrupted altar of Lugonu.
 22109 | Lair:5   | Found the +3 pair of seven-league boots {Rampage+∞}
 22110 | Lair:5   | Found a one-way gate to the infinite horrors of the Abyss.
 22737 | Orc:1    | Entered Level 1 of the Orcish Mines
 22737 | Orc:1    | Found Nifior's Antique Weapon Shoppe.
 22795 | Orc:1    | Found Poidiguf's General Store.
 22895 | Orc:1    | Found Jitapo Naohu's Antique Weapon Shoppe.
 23108 | Orc:1    | Found Jooselax's Weapon Boutique.
 23442 | Orc:2    | Entered Level 2 of the Orcish Mines
 23575 | Orc:2    | Found a frozen archway.
 23585 | IceCv    | Entered an ice cave
 23585 | IceCv    | Reached ****** piety under Hepliaklqana
 23638 | IceCv    | Identified the +1 flail of Wewnytta {flame, rCorr Str+5
                  | Int-4}
 23866 | IceCv    | Identified the +1 lajatang of Vianoo {vamp, Will- Dex+8}
 23890 | IceCv    | Identified the +6 glaive of the Dungeon {drain, *Rage *Slow
                  | MP+9 SInv}
 23941 | Orc:2    | Noticed Sonja
 23945 | Orc:2    | Killed Sonja
 24125 | Orc:2    | Found Jugras's Antique Weapon Shoppe.
 24153 | Orc:2    | Paralysed by an orc sorcerer for 2 turns
 24169 | Orc:2    | HP: 4/105 [orc sorcerer/bolt of fire (25)]
 24171 | Orc:2    | Slain by an orc knight

Illustrated notes

Levels and vault maps discovered:
D:1:      minmay_arrival_glassed_features, layout_basic,
          hellmonk_ecumenical_altar_crossroads
D:2:      minmay_alternating_diamond, layout_basic
D:3:      layout_rooms, yredelemnul_forgotten_temple_becter
D:4:      layout_loops_corners, nicolae_wu_jian_immortal_techniques, uniq_ijyb
D:5:      layout_basic, lemuel_doored_altar, minmay_temple_entry_sparse_star,
          portal_sewer_entry_d, serial_bayou_ford_a
D:6:      layout_cave_pools, hangedman_decor_peaks_small, uniq_sigmund
D:7:      layout_basic, nicolae_overflow_crystal_walls, serial_corexii_hall,
          chequers_hall_statues_corner_a, chequers_hall_statues_y,
          gammafunk_ghost_cemetery, enter_bailey_3, serial_shops, shop,
          corexii_hall_statues_s, uniq_menkaure, uniq_pikel, uniq_maggie
D:8:      layout_loops_ring, david_lair_generic, special_room [special_room_orc]
D:9:      layout_roguey [special_room_kobold], mainiacjoe_overflow_24_doors,
          nicolae_overflow_hidden_temple,
          chequers_temple_overflow_statue_of_worship, serial_undead,
          serial_undead_a, serial_undead_b, serial_undead_a, serial_undead_a,
          serial_undead_c, minmay_fractal_squares_gapless_7
D:10:     layout_stronghold, nicolae_ashenzari_skybound,
          overflow_temple_1_default, nicolae_elyvilon_temple_path, uniq_harold
D:11:     layout_loops_ring, nicolae_trove_entry_diagonal
D:12:     nicolae_moon_pools, layout_rooms, orc_0_dummy, uniq_josephine
Temple:   nicolae_temple_ecumenical_triangle
Lair:1:   beast_lair_carwin_large_1, layout_gridlike,
          nicolae_volcano_entry_vermiform
Lair:2:   cheibrodos_lair_overgrown_chateau, layout_gridlike,
          minmay_swamp_entry_worms, minivault_19, minmay_holes
Lair:3:   layout_roguey, spider_nest_entry_rubble, gauntlet_entry_generic,
          grunt_megastairs_4
Lair:4:   layout_cave_pods, nicolae_slime_entry_field_trip, grunt_megastairs_3,
          wad_woods_river_01, lemuel_fruit_fields
Lair:5:   hellmonk_lair_end_abyssal_woods, layout_loops_ring
Orc:1:    layout_caves, serial_shops, shop, shop, shop,
          nicolae_shop_bloodbath_and_beyond, nicolae_orc_tapped_out
Orc:2:    st_orc_elflike, layout_diamond_mine, portal_ice_cave_entry_pillars_1,
          uniq_sonja

Skill      XL: |  1  2  3  4  5  6  7  8  9 10 11 12 13 14 15 |
---------------+----------------------------------------------+-----
Summonings     | 5 6 7 8 10 12 14 16 19 21 | 21.9
Fighting       | 1 2 3 4 6 7 9 10 11 12 | 12.1
Spellcasting   | 3 4 5 7 8 10 11 13 14 | 14.6
Dodging        | 7 9 |  9.0
Armour         | |  0.5
Stealth        | |  1.9

Action                     |  1- 3 |  4- 6 |  7- 9 | 10-12 | 13-15 || total
---------------------------+-------+-------+-------+-------+-------++-------
  Melee: Unarmed           |    19 |       |       |       |       ||    19
         Dagger            |   121 |    15 |       |       |       ||   136
         Hand axe          |       |    31 |       |       |       ||    31
         Flail             |       |    57 |    93 |    35 |       ||   185
         Punch             |       |     1 |     1 |       |     4 ||     6
         Trident           |       |       |       |    37 |   181 ||   218
   Cast: Summon Small Mamm |    30 |    11 |    12 |     5 |     5 ||    63
         Call Canine Famil |     2 |    12 |    16 |    15 |    20 ||    65
         Call Imp          |     1 |     9 |    16 |    20 |    14 ||    60
         Summon Ice Beast  |       |       |    11 |    23 |    37 ||    71
         Summon Lightning  |       |       |    10 |    37 |    42 ||    89
         Summon Cactus Gia |       |       |       |    36 |    36 ||    72
         Summon Hydra      |       |       |       |     4 |    31 ||    35
 Invoke: Recall Ancestor   |       |       |     1 |       |     1 ||     2
         Ancestor Life: Kn |       |       |       |     1 |       ||     1
Ability: Hop               |     1 |     2 |     3 |     2 |     6 ||    14
    Use: Scroll            |       |     4 |     2 |     6 |     7 ||    19
         Potion            |       |       |     1 |       |     1 ||     2
   Stab: Sleeping          |     1 |     1 |     2 |     1 |     4 ||     9
         Distracted        |       |       |     2 |     2 |     1 ||     5
 Armour: Robe              |    94 |       |       |       |       ||    94
         Animal skin       |     4 |    36 |    58 |   143 |   211 ||   452
         Skin              |     3 |       |       |       |       ||     3
  Dodge: Dodged            |   131 |    58 |    72 |    80 |   157 ||   498
  Block: Other             |       |    15 |    38 |    31 |    48 ||   132
         Reflection        |       |     1 |     4 |     1 |       ||     6
